 Dungeon Crawl Stone Soup version 0.31.0-1-g2c135a0 (webtiles) character file.

Game seed: 15134987161446521486

427 Skilfsilihog the Slasher (level 6, -15/52 HPs)
             Began as a Minotaur Gladiator on Mar 25, 2024.
             Demolished by an ogre
             ... wielding a +0 giant spiked club
              (33 damage)
             ... on level 5 of the Dungeon.
             The game lasted 00:05:34 (4303 turns).

Skilfsilihog the Slasher (Minotaur Gladiator)       Turns: 4303, Time: 00:05:34

Health: -15/52     AC:  6    Str: 19    XL:     6   Next: 65%
Magic:  5/5        EV: 11    Int:  5    God:
Gold:   148        SH:  0    Dex: 13    Spells: 5/5 levels left

rFire   . . .        a - +0 long sword
rCold   . . .        (no shield)
rNeg    . . .        l - +0 scale mail
rPois   +            c - +0 hat
rElec   .            (no cloak)
rCorr   .            (no gloves)
SInv    .            (no boots)
Will    .....        (no amulet) Stlth
                     h - ring of poison resistance
HPRegen 0.28/turn    (no ring)
MPRegen 0.09/turn

%: no passive effects
@: no status effects
A: horns 2, retaliatory headbutt
a: no special abilities


You were on level 5 of the Dungeon.
You visited 1 branch of the dungeon, and saw 5 of its levels.

You collected 148 gold pieces.

Inventory:

Hand Weapons
 a - a +0 long sword (weapon)
Missiles
 d - 4 throwing nets (quivered)
Armour
 c - a +0 hat (worn)
 l - a +0 scale mail (worn)
Jewellery
 h - a ring of poison resistance (left hand)
Wands
 n - a wand of charming (6)
Scrolls
 f - 2 scrolls of enchant weapon {unknown}
 i - a scroll of noise {unknown}
 j - 3 scrolls of identify {unknown}
 k - a scroll of revelation {unknown}
 m - a scroll of summoning {unknown}
 o - a scroll of torment {unknown}
 q - a scroll of teleportation {unknown}
 r - a scroll of fog {unknown}
Potions
 b - 2 potions of curing {unknown}
 g - a potion of brilliance {unknown}
 p - a potion of haste {unknown}


   Skills:
 + Level 4.2 Fighting
 * Level 6.3 Long Blades
 - Level 2.0 Throwing
 + Level 3.2 Armour
 - Level 5.0 Dodging


You had 5 spell levels left.
You didn't know any spells.
Your spell library was empty.

Dungeon Overview and Level Annotations

Branches:
Dungeon (5/15)
 Temple: D:4-7

Altars:
Ashenzari
Xom


Innate Abilities, Weirdness & Mutations

You have a pair of horns on your head.
You reflexively headbutt those who attack you in melee.


Message History

r - a scroll labelled XUYCSY KIZOTU As you open the door, it creaks loudly!
You hear a shout!
An ogre comes into view. It is wielding a +0 giant spiked club.
The ogre shouts!
You hear an angry hiss.
There is an open door here.
An ogre is nearby!
You hit the ogre.
The ogre is moderately wounded.
An iguana comes into view.
The ogre hits you with a +0 giant spiked club!!
The iguana hisses angrily.
You hit the ogre. You headbutt the ogre.
The ogre is heavily wounded.
You hit the ogre but do no damage.
The ogre is heavily wounded.
The ogre barely misses you. You furiously retaliate!
You headbutt the ogre, but do no damage.
You hit the ogre but do no damage.
The ogre is heavily wounded.
The ogre hits you with a +0 giant spiked club!
You are too injured to fight recklessly!
You are too injured to fight recklessly!
You are too injured to fight recklessly!
You are too injured to fight recklessly!
You are too injured to fight recklessly!
You are too injured to fight recklessly!
You are too injured to fight recklessly!
You are too injured to fight recklessly!
You are too injured to fight recklessly!
Unknown command.
Throw: javelin
Press: ? - help, Shift-Dir - straight line, f - ogre
Aim: an ogre, wielding a +0 giant spiked club (heavily wounded, 73% to hit)
You throw a javelin.
The javelin pierces through the ogre but does no damage.
The ogre is heavily wounded.
The javelin closely misses the iguana.
The ogre hits you with a +0 giant spiked club!!
Ouch! That really hurt!
You die...

#.≈.♣.♣♣♣.≈..
#.≈.......≈..#
.##.≈≈≈≈≈≈≈≈≈..#
...(...........#
............+
..l.......#
#O......# #@....#
##...## ##'##
####.######
#.........#
##.........#
#..........#
#..........#
#..........####.#


You could see an ogre and an iguana.

Vanquished Creatures
  A phantom (D:4)
  2 hounds (D:4)
  A gnoll bouda (D:4)
  Natasha (D:2)
  Terence (D:3)
  2 iguanas (D:4)
  2 gnolls (D:4)
  9 adders
  A ribbon worm (D:2)
  An orc (D:4)
  8 endoplasms
  3 giant cockroaches
  5 goblins
  2 hobgoblins
  3 jackals (D:1)
  4 kobolds
  3 quokkas
  9 ball pythons
  8 bats
  5 frilled lizards
  6 rats
77 creatures vanquished.

Vanquished Creatures (others)
  A gnoll (D:4)
1 creature vanquished.

Grand Total: 78 creatures vanquished

Notes
Turn   | Place    | Note
-------+----------+-------------------------------------------
     0 | D:1      | Skilfsilihog the Minotaur Gladiator began the quest for the
                  | Orb.
     0 | D:1      | Reached XP level 1. HP: 18/18 MP: 0/0
   223 | D:1      | Reached XP level 2. HP: 25/25 MP: 1/1
   440 | D:1      | Reached skill level 4 in Long Blades
  1154 | D:2      | Reached skill level 1 in Armour
  1154 | D:2      | Reached XP level 3. HP: 25/30 MP: 2/2
  1601 | D:2      | Reached XP level 4. HP: 32/38 MP: 3/3
  1878 | D:2      | Noticed Natasha
  1884 | D:2      | Killed Natasha
  2700 | D:3      | Reached XP level 5. HP: 44/45 MP: 4/4
  2733 | D:3      | Noticed Terence
  2743 | D:3      | Killed Terence
  2744 | D:3      | Reached skill level 5 in Long Blades
  2981 | D:4      | HP: 2/45 [iguana (12)]
  3165 | D:4      | Reached skill level 5 in Dodging
  3425 | D:4      | Reached XP level 6. HP: 52/52 MP: 5/5
  3525 | D:4      | Found a shimmering altar of Xom.
  3747 | D:4      | Reached skill level 6 in Long Blades
  3912 | D:4      | Found a broken altar of Ashenzari.
  4286 | D:5      | Entered Level 5 of the Dungeon
  4303 | D:5      | Demolished by an ogre

Illustrated notes

Levels and vault maps discovered:
D:1:      minmay_arrival_five_plusses, layout_basic, hex_intersection
D:2:      layout_basic, shapermc_ecumenical_altar_petra, chequers_big_river,
          uniq_natasha
D:3:      layout_loops_corners, uniq_terence
D:4:      layout_basic, lemuel_coloured_pillars_altar,
          mainiacjoe_overflow_surrounded_room
D:5:      layout_loops_corners, tso_metal_star, mainiacjoe_overflow_brackets,
          minmay_temple_entry_glass, reono_crystal_passage

Skill      XL: |  1  2  3  4  5  6 |
---------------+-------------------+-----
Long Blades    | 4 5 6 |  6.3
Armour         | 1 2 3 |  3.2
Dodging        | 4 5 |  5.0
Fighting       | 3 4 |  4.2
Throwing       | |  2.0

Action                     |  1- 3 |  4- 6 || total
---------------------------+-------+-------++-------
  Melee: Long sword        |    61 |   130 ||   191
         Headbutt          |     9 |    16 ||    25
         Punch             |       |     1 ||     1
  Throw: Throwing net      |       |     1 ||     1
         Javelin           |       |     2 ||     2
  Evoke: Wand              |       |     5 ||     5
   Stab: Sleeping          |     1 |       ||     1
 Armour: Leather armour    |    29 |    30 ||    59
         Scale mail        |       |    71 ||    71
  Dodge: Dodged            |    44 |    83 ||   127
